 Dungeon Crawl Stone Soup version 0.30-a0-847-g17996783a1 (webtiles) character file.

Game seed: 12533656190351861766

3448 Darius099 the Severer (level 9, -6/70 HPs)
             Began as a Minotaur Fighter on Mar 3, 2023.
             Mangled by a two-headed ogre
             ... wielding a +0 giant spiked club
              (11 damage)
             ... on level 8 of the Dungeon.
             The game lasted 00:16:10 (5670 turns).

Darius099 the Severer (Minotaur Fighter)            Turns: 5670, Time: 00:16:11

Health: -6/70      AC: 13    Str: 24    XL:     9   Next: 77%
Magic:  8/8        EV: 10    Int:  5    God:
Gold:   537        SH:  4    Dex: 11    Spells: 8/8 levels left

rFire   . . .      SeeInvis .    a - +0 war axe
rCold   . . .      Faith    .    c - +0 buckler
rNeg    . . .      Spirit   .    m - +3 ring mail {rPois}
rPois   +          Reflect  .    (helmet restricted)
rElec   .          Rampage  .    (no cloak)
rCorr   .                        b - +0 pair of gloves
Will    +....                    h - +2 pair of boots
Stlth   +                        (no amulet)
HPRegen 0.31/turn                z - ring of willpower
MPRegen 0.11/turn                u - +4 ring of slaying

@: about to teleport
A: horns 2, retaliatory headbutt
a: no special abilities


You were on level 8 of the Dungeon.
You visited 2 branches of the dungeon, and saw 9 of its levels.
You also visited: Ossuary.

You collected 537 gold pieces.

Inventory:

Hand Weapons
 a - a +0 war axe (weapon)
Missiles
 f - 89 stones (quivered)
 l - 9 javelins
 B - 3 curare-tipped darts
 G - 10 poisoned darts
Armour
 b - a +0 pair of gloves (worn)
 c - a +0 buckler (worn)
 h - a +2 pair of boots (worn)
 m - a +3 ring mail of poison resistance (worn)
Jewellery
 g - a ring of flight
 u - a +4 ring of slaying (right hand)
 z - a ring of willpower (left hand)
Wands
 x - a wand of polymorph (3)
 F - a wand of mindburst (12)
Scrolls
 i - 9 scrolls of identify
 j - 3 scrolls of enchant weapon {unknown}
 p - 10 scrolls of teleportation
 r - a scroll of noise {unknown}
 t - a scroll of amnesia {unknown}
 v - 2 scrolls of immolation {unknown}
 y - 4 scrolls of poison {unknown}
 A - 2 scrolls of fear {unknown}
 C - a scroll of fog {unknown}
 E - a scroll of torment {unknown}
 H - a scroll of vulnerability {unknown}
Potions
 d - 5 potions of might
 e - 2 potions of resistance {unknown}
 k - 5 potions of brilliance
 n - a potion of attraction {unknown}
 o - 3 potions of lignification {unknown}
 q - 6 potions of heal wounds {unknown}
 s - 2 potions of curing {unknown}
 w - 2 potions of ambrosia {unknown}
 D - 2 potions of berserk rage {unknown}


   Skills:
 - Level 3.6 Fighting
 + Level 16.4 Axes
 - Level 3.6 Armour
 - Level 3.6 Shields


You had 8 spell levels left.
You didn't know any spells.
Your spell library was empty.

Dungeon Overview and Level Annotations

Branches:
Dungeon (8/15)             Temple (1/1) D:6         Ossuary (visited)
   Lair: D:8-11

Altars:
Ashenzari
Cheibriados
Dithmenos
Elyvilon
Fedhas
Hepliaklqana
Makhleb
Nemelex Xobeh
Qazlal
Ru
Sif Muna
Trog
Uskayaw
Vehumet
Wu Jian
Xom
Yredelemnul
Zin
The Shining One


Innate Abilities, Weirdness & Mutations

You have a pair of horns on your head.
You reflexively headbutt those who attack you in melee.


Message History

You slash the orc wizard!
The orc wizard is heavily wounded.
The orc wizard completely misses you. You furiously retaliate!
You headbutt the orc wizard!
You kill the orc wizard!
You hit the orc priest but do no damage.
You headbutt the orc priest!
The orc priest is heavily wounded.
You barely miss the two-headed ogre.
The two-headed ogre hits you with a +0 giant spiked club!!
The two-headed ogre hits you but does no damage.
The orc priest hits you but does no damage.
You barely miss the two-headed ogre.
Your headbutt misses the two-headed ogre.
You barely miss the orc priest. You slash the orc priest!
You kill the orc priest!
You slash the two-headed ogre!
The two-headed ogre hits you with a +0 giant spiked club!
The two-headed ogre completely misses you.
You barely miss the two-headed ogre. You headbutt the two-headed ogre.
The two-headed ogre is moderately wounded.
You barely miss the two-headed ogre.
The two-headed ogre is moderately wounded.
You block the two-headed ogre's attack.
The two-headed ogre hits you but does no damage.
You hit the two-headed ogre. You headbutt the two-headed ogre.
The two-headed ogre is moderately wounded.
You barely miss the two-headed ogre.
The two-headed ogre is moderately wounded.
The two-headed ogre hits you with a +0 giant spiked club!!
* * * LOW HITPOINT WARNING * * *
The two-headed ogre barely misses you.
As you read the scroll labelled QEYT PE OGUAM, it crumbles to dust.
It is a scroll of identify.
p - 11 scrolls of teleportation
As you read the scroll of teleportation, it crumbles to dust.
You feel strangely unstable.
The two-headed ogre hits you with a +0 giant spiked club!
You die...

...............
.................##
[................. .
...........>.....##..
..........# #>.....#
.......<[.##.......#.
...........##........
.........)..#))....:.
...<....##...@O.....#
.........#.........##
..........$......[...
........##..#......##
#.......##.##......#
?...##[ ..##.......#
....#.......# ....
..#...###


You could see a two-headed ogre.

Vanquished Creatures
  Sigmund (D:5)
  A steam dragon (D:8)
  3 water moccasins
  Duvessa (D:7)
  An orc warrior (D:8)
  2 ice beasts
  A sky beast (D:6)
  2 black bears (D:7)
  An ogre (D:6)
  A phantom (D:5)
  A kobold brigand (D:8)
  4 bullfrogs
  A scorpion (D:3)
  2 elf zombies (Ossuary)
  7 wights
  Dowan (D:7)
  2 lava snakes (D:7)
  5 centaur zombies (Ossuary)
  2 hounds
  2 jellies
  4 orc priests
  A sleepcap (D:7)
  7 iguanas
  5 orc wizards
  2 mummies (Ossuary)
  Robin (D:3)
  5 adders
  3 shadow imps
  3 white imps
  3 ufetubi
  An adder zombie (Ossuary)
  2 worms
  A dart slug (D:1)
  21 orcs
  10 ball pythons
  5 endoplasms
  7 giant cockroaches
  18 goblins
  11 hobgoblins
  10 jackals
  12 kobolds
  4 quokkas
  7 bats
  2 frilled lizards
  12 hobgoblin zombies (Ossuary)
  A jackal zombie (Ossuary)
  11 kobold zombies (Ossuary)
  5 orc zombies (Ossuary)
  3 rats (D:1)
218 creatures vanquished.

Vanquished Creatures (others)
  2 plants (D:6)
2 creatures vanquished.

Grand Total: 220 creatures vanquished

Notes
Turn   | Place    | Note
-------+----------+-------------------------------------------
     0 | D:1      | Darius099 the Minotaur Fighter began the quest for the Orb.
     0 | D:1      | Reached XP level 1. HP: 19/19 MP: 0/0
    26 | D:1      | Reached skill level 3 in Axes
    51 | D:1      | Reached XP level 2. HP: 26/26 MP: 1/1
   338 | D:1      | Reached skill level 4 in Axes
   391 | D:1      | Reached XP level 3. HP: 31/31 MP: 2/2
  1265 | D:2      | Reached skill level 5 in Axes
  1378 | D:3      | Found a sacrificial altar of Ru.
  1378 | D:3      | Found a glowing silver altar of Zin.
  1402 | D:3      | Reached XP level 4. HP: 39/39 MP: 3/3
  1506 | D:3      | Found a sparkling altar of Nemelex Xobeh.
  1683 | D:3      | Noticed a scorpion
  1687 | D:3      | Killed a scorpion
  1688 | D:3      | Reached skill level 6 in Axes
  1688 | D:3      | Reached XP level 5. HP: 41/45 MP: 4/4
  1833 | D:3      | Found a shadowy altar of Dithmenos.
  1955 | D:3      | Noticed Robin
  1970 | D:3      | Killed Robin
  1971 | D:3      | Reached skill level 7 in Axes
  2200 | D:4      | Found an ornate altar of the Wu Jian Council.
  2367 | D:4      | Reached skill level 8 in Axes
  2367 | D:4      | Reached XP level 6. HP: 51/51 MP: 5/5
  2715 | D:5      | Entered Level 5 of the Dungeon
  2774 | D:5      | Reached skill level 9 in Axes
  2823 | D:5      | Found a sand-covered staircase.
  2828 | Ossuary  | Entered an ossuary
  2926 | Ossuary  | Reached XP level 7. HP: 55/57 MP: 6/6
  2959 | Ossuary  | Reached skill level 10 in Axes
  3278 | D:5      | Reached skill level 11 in Axes
  3433 | D:5      | Reached XP level 8. HP: 58/64 MP: 7/7
  3459 | D:5      | Found a hazy altar of Hepliaklqana.
  3633 | D:5      | Noticed Sigmund
  3648 | D:5      | Killed Sigmund
  3835 | D:6      | Reached skill level 12 in Axes
  3865 | D:6      | Identified the +7 quarterstaff of Beogh {vamp, rF- rN++
                  | Str+4}
  4032 | D:6      | Identified the +1 ring mail "Siat" {rC+ Dex+3 Stlth+}
  4048 | D:6      | Reached skill level 13 in Axes
  4154 | D:6      | Found a stormy altar of Qazlal.
  4156 | D:6      | Found a glowing golden altar of the Shining One.
  4261 | D:6      | Found a hide-covered altar of Uskayaw.
  4399 | D:6      | Found a staircase to the Ecumenical Temple.
  4406 | D:6      | Reached skill level 14 in Axes
  4406 | D:6      | Reached XP level 9. HP: 70/70 MP: 8/8
  4410 | Temple   | Entered the Ecumenical Temple
  4749 | D:7      | You fall into a shaft and drop 1 floor!
  4823 | D:8      | Found a basalt altar of Yredelemnul.
  4873 | D:8      | Found a transporter.
  4908 | D:8      | Found a transporter.
  4920 | D:8      | Reached skill level 15 in Axes
  5338 | D:7      | Noticed Duvessa
  5339 | D:7      | Noticed Dowan
  5353 | D:7      | Killed Dowan
  5355 | D:7      | Killed Duvessa
  5356 | D:7      | Reached skill level 16 in Axes
  5658 | D:8      | Noticed a two-headed ogre
  5670 | D:8      | Mangled by a two-headed ogre

Illustrated notes

Levels and vault maps discovered:
D:1:      shiori_arrival_elements, layout_basic
D:2:      layout_loops_ring
D:3:      layout_loops_cross, nicolae_dithmenos_through_a_glass_darkly,
          nemelex_diamond_rough_becter, jmf_multi_god_temple,
          small_statue_alley_b, dreamdust_wishing_well, uniq_robin
D:4:      layout_rooms, nzn_wu_jian_contemplation
D:5:      layout_gridville, marbit_many_paths, enter_ossuary_2, uniq_sigmund
D:6:      layout_rooms, grunt_temple_overflow_open,
          minmay_temple_entry_antechambers, minmay_crystal_room,
          serial_bayou_pond_d
D:7:      layout_loops_cross, kennysheep_boxes, uniq_duvessa
D:8:      gammafunk_beogh_shrine, layout_cave_pools, pf_just_have_faith,
          serial_shops, kennysheep_mini_moat, nicolae_diode_stairs
Temple:   hellmonk_temple_beads

Skill      XL: |  1  2  3  4  5  6  7  8  9 |
---------------+----------------------------+-----
Axes           | 3 4 5 6 8 9 11 14 16 | 16.4
Fighting       | |  3.6
Armour         | |  3.6
Shields        | |  3.6

Action                     |  1- 3 |  4- 6 |  7- 9 || total
---------------------------+-------+-------+-------++-------
  Melee: War axe           |    87 |   137 |   227 ||   451
         Headbutt          |     9 |    20 |    33 ||    62
  Throw: Stone             |     1 |       |       ||     1
    Use: Scroll            |       |       |     2 ||     2
 Armour: Scale mail        |    42 |       |       ||    42
         Ring mail         |    12 |    74 |   111 ||   197
  Dodge: Dodged            |    53 |    70 |    75 ||   198
  Block: Buckler           |    18 |    35 |    33 ||    86

Table legend: (Time is in decaauts)
 A = Elapsed time spent in this place.
 B = Non-inter-level travel time spent in this place.
 C = Inter-level travel time spent in this place.
 D = Time resting spent in this place.
 E = Time spent auto-exploring this place.
 F = Levels seen in this place.
 G = Mean time per level.
                   A        B        C        D        E       F      G
               +--------+--------+--------+--------+--------+-----+--------+
         Total |   5694 |   5564 |    130 |    639 |   2911 |  10 |  569.4 |
       Dungeon |   5277 |   5147 |    130 |    571 |   2811 |   8 |  659.6 |
        Temple |    110 |    110 |      0 |      0 |     85 |   1 |  110.0 |
       Ossuary |    307 |    307 |      0 |     68 |     15 |   1 |  307.0 |
               +--------+--------+--------+--------+--------+-----+--------+

Top non-repeatable levels by time:
     D:7: 848 daAuts
     D:3: 798 daAuts
     D:1: 765 daAuts
     D:5: 754 daAuts
     D:6: 680 daAuts
     D:2: 618 daAuts
     D:4: 578 daAuts
 Ossuary: 307 daAuts
     D:8: 234 daAuts
  Temple: 110 daAuts
